WCHLSIM.com - West Coast Hockey League
html PUBLIC "-//W3C//DTD XHTML 1.0 Transitional//EN" "http://www.w3.org/TR/xhtml1/DTD/xhtml1-transitional.dtd"> WCHL - Game 770 - SAN JOSE BRONCOS vs SEATTLE GRUNGE

SAN JOSE BRONCOS vs SEATTLE GRUNGE

Created - 12 mars 2021 at 21:38

Goals
1 2 3 OT1 T
SAN JOSE BRONCOS 0 2 0 1 3
SEATTLE GRUNGE 2 0 0 0 2
Shots
1 2 3 OT1 T
SAN JOSE BRONCOS 14 7 13 1 35
SEATTLE GRUNGE 7 9 5 1 22

1st period

1. SEATTLE GRUNGE , Tyler Seguin 10 (Jake Guentzel 23, Travis Sanheim 10) at 6:48
2. SEATTLE GRUNGE , Jake Guentzel 19 (Tyler Seguin 25, Matthew Grzelcyk 1) at 16:01

Penalties :
Anthony Beauvillier (SJO) for Hooking (Minor) at 1:40, Slater Koekkoek (SEA) for Hooking (Minor) at 4:09, Travis Sanheim (SEA) for Hooking (Minor) at 19:28

2nd period

3. SAN JOSE BRONCOS , Brayden Point 19 (Marco Scandella 4, Elias Lindholm 23) at 7:22
4. SAN JOSE BRONCOS , Claude Giroux 24 (Evgeni Malkin 37) at 12:04

Penalties :
No Penalty

3rd period

No Goal

Penalties :
No Penalty

Overtime #1

5. SAN JOSE BRONCOS , Oliver Bjorkstrand 18 (Evgeni Malkin 38) at 1:38

Penalties :
No Penalty

Goalie Stats

Jacob Markstrom (SJO), 20 saves from 22 shots - (0,909), W, 24-10-5, 61:39 minutes
Semyon Varlamov (SEA), 32 saves from 35 shots - (0,914), OTL, 19-15-6, 61:39 minutes

Players Stats for SAN JOSE BRONCOS

Player Name              G  A  P  +/- PIM S  H  SB GA TA FO     MP     PP MP  PK MP  
------------------------------------------------------------------------------------
Adam Pelech              0  0  0   0  0   0  5  1  0  0  0/0    20:59   1:55   0:51 
Anthony Beauvillier      0  0  0  -1  2   3  1  0  0  0  0/0    12:05   0:00   0:00 
Brayden Point            1  0  1   0  0   7  1  0  0  0  9/22   22:08   2:34   0:00 
Charlie Coyle            0  0  0   0  0   0  0  0  0  0  2/5     6:03   0:00   0:00 
Chris Tanev              0  0  0   0  0   0  2  0  0  0  0/0    21:16   1:55   1:08 
Claude Giroux            1  0  1   1  0   4  1  1  0  0  1/2    21:02   1:24   1:08 
Connor Brown             0  0  0   1  0   1  0  1  0  0  0/0    19:59   2:34   0:00 
Craig Smith              0  0  0  -1  0   3  2  0  0  0  0/1    12:06   0:00   0:00 
David Kampf              0  0  0   0  0   0  0  0  0  0  0/0     6:03   0:00   0:00 
Elias Lindholm           0  1  1   0  0   6  0  0  0  0  0/2    21:03   2:34   0:00 
Evgeni Malkin            0  2  2   2  0   4  2  0  0  0  17/29  20:14   1:24   0:51 
Hampus Lindholm          0  0  0   1  0   0  0  0  0  0  0/0    14:56   0:00   0:00 
Jaccob Slavin            0  0  0  -1  0   2  1  3  0  0  0/0    25:10   2:03   1:08 
Marco Scandella          0  1  1   1  0   0  1  0  0  0  0/0    14:56   0:00   0:00 
Neal Pionk               0  0  0   0  0   0  3  1  0  0  0/0    24:22   2:03   0:51 
Nick Bonino              0  0  0  -1  0   2  0  0  0  0  11/17  13:14   0:00   1:08 
Oliver Bjorkstrand       1  0  1   1  0   3  2  0  0  0  0/0    21:18   1:24   0:51 
Tyler Motte              0  0  0   0  0   0  1  0  0  0  0/0     6:03   0:00   0:00 

Players Stats for SEATTLE GRUNGE

Player Name              G  A  P  +/- PIM S  H  SB GA TA FO     MP     PP MP  PK MP  
------------------------------------------------------------------------------------
Brian Boyle              0  0  0  -1  0   2  1  0  0  0  9/19   14:10   0:00   2:37 
Carl Hagelin             0  0  0   0  0   0  2  1  0  0  1/2    22:39   1:01   2:37 
Chris Tierney            0  0  0   0  0   2  1  0  0  0  11/26  20:02   1:01   0:00 
Damon Severson           0  0  0   0  0   1  1  0  0  0  0/0    23:10   1:01   1:32 
David Savard             0  0  0  -1  0   0  1  0  0  0  0/0    24:57   0:58   2:35 
Jake Guentzel            1  1  2   1  0   4  3  1  0  0  2/2    21:02   0:58   0:00 
Jason Spezza             0  0  0   0  0   0  1  0  0  0  3/5     5:39   0:00   1:21 
Josh Bailey              0  0  0  -1  0   2  0  0  0  0  1/2    20:48   1:01   0:00 
Marcus Sorensen          0  0  0   0  0   0  0  0  0  0  0/1     4:18   0:00   0:00 
Matthew Grzelcyk         0  1  1   0  0   2  1  1  0  0  0/0    12:48   0:00   0:00 
Mike Hoffman             0  0  0   1  0   2  0  0  0  0  0/0    21:02   0:58   0:00 
Roman Josi               0  0  0   0  0   0  0  0  0  0  0/0    24:58   1:01   2:26 
Slater Koekkoek          0  0  0   0  2   1  3  0  0  0  0/0    13:28   0:00   0:41 
Travis Sanheim           0  1  1   0  2   0  5  3  0  0  0/0    22:16   0:58   0:42 
Trevor Lewis             0  0  0   0  0   1  1  0  0  0  0/1     4:18   0:00   0:00 
Tyler Seguin             1  1  2   0  0   2  1  1  0  0  11/20  20:55   0:58   0:00 
Vladislav Namestnikov    0  0  0  -1  0   2  0  0  0  0  0/0    12:54   0:00   1:21 
Wayne Simmonds           0  0  0  -1  0   1  2  0  0  0  0/0    11:33   0:00   0:00 

3 Stars

1 - Jake Guentzel (SEA)
2 - Evgeni Malkin (SJO)
3 - Oliver Bjorkstrand (SJO)

Power Play

SAN JOSE BRONCOS - 0 on 2 Attempt(s) - 0,00%
SEATTLE GRUNGE - 0 on 1 Attempt(s) - 0,00%

Penalty Kill

SAN JOSE BRONCOS - 1 on 1 Attempt(s) - 100,00% - Score 0 goal in Penalty Kill
SEATTLE GRUNGE - 2 on 2 Attempt(s) - 100,00% - Score 0 goal in Penalty Kill

Team Stat

SAN JOSE BRONCOS - Hits : 22 - Faceoff Wins : 40 - Blocked Shots : 7 - Penalty Minutes : 2
SEATTLE GRUNGE - Hits : 23 - Faceoff Wins : 38 - Blocked Shots : 7 - Penalty Minutes : 4

Official

Referees : Stephen Hiff and Marc Joannette
Linesman : Kory Nagy and Shaun Morgan

Game Notes

No Game Note

Finance

Level 1 -- Attendance: 6000 (100,00%) -- Ticket Income 840 000 $
Level 2 -- Attendance: 5000 (100,00%) -- Ticket Income 475 000 $
Level 3 -- Attendance: 2678 (89,27%) -- Ticket Income 147 290 $
Level 4 -- Attendance: 4610 (92,20%) -- Ticket Income 207 450 $
Luxury Box -- Attendance: 1000 (100,00%) -- Ticket Income 260 000 $
Total Attendance: 19288 (96,44%)
Total Ticket Income: 1 929 740 $
Other Expense: 19 297 $
Total Income: 1 910 443 $

SAN JOSE BRONCOS

5 vs 5 Forward 
   Center                   Left Wing                Right Wing               Time % Phy DF OF 
 1 Brayden Point            Oliver Bjorkstrand       Elias Lindholm           36     1   2  2  
 2 Evgeni Malkin            Claude Giroux            Connor Brown             33     1   2  2  
 3 Nick Bonino              Anthony Beauvillier      Craig Smith              25     1   2  2  
 4 Charlie Coyle            Tyler Motte              David Kampf              6      1   2  2  

5 vs 5 Defense 
   Defense                  Defense                                           Time % Phy DF OF 
 1 Jaccob Slavin            Neal Pionk                                        40     1   2  2  
 2 Chris Tanev              Adam Pelech                                       35     1   2  2  
 3 Marco Scandella          Hampus Lindholm                                   25     1   2  2  
 4 Jaccob Slavin            Neal Pionk                                        0      1   2  2  

PowerPlay Forward 
   Center                   Left Wing                Right Wing               Time % Phy DF OF 
 1 Brayden Point            Elias Lindholm           Connor Brown             58     1   2  2  
 2 Evgeni Malkin            Claude Giroux            Oliver Bjorkstrand       42     1   2  2  

PowerPlay Defense
   Defense                  Defense                                           Time % Phy DF OF 
 1 Jaccob Slavin            Neal Pionk                                        58     1   2  2  
 2 Adam Pelech              Chris Tanev                                       42     1   2  2  

Penalty Kill 4 Players Forward 
   Center                   Wing                     Time % Phy DF OF 
 1 Evgeni Malkin            Oliver Bjorkstrand       50     1   2  2  
 2 Nick Bonino              Claude Giroux            50     1   2  2  

Penalty Kill 4 Players Defense
   Defense                  Defense                  Time % Phy DF OF 
 1 Jaccob Slavin            Chris Tanev              50     1   2  2  
 2 Neal Pionk               Adam Pelech              50     1   2  2  

Penalty Kill - 3 Players Forward 
   Forward                                           Time % Phy DF OF 
 1 Nick Bonino                                       50     1   2  2  
 2 Evgeni Malkin                                     50     1   2  2  

Penalty Kill - 3 Players Defense
   Defense                  Defense                  Time % Phy DF OF 
 1 Jaccob Slavin            Chris Tanev              55     1   2  2  
 2 Marco Scandella          Adam Pelech              45     1   2  2  

4 vs 4 Forward 
   Center                   Wing                     Time % Phy DF OF 
 1 Brayden Point            Claude Giroux            50     1   2  2  
 2 Elias Lindholm           Anthony Beauvillier      50     1   2  2  

4 vs 4 Defense
   Defense                  Defense                  Time % Phy DF OF 
 1 Chris Tanev              Hampus Lindholm          50     1   2  2  
 2 Adam Pelech              Jaccob Slavin            50     1   2  2  

Last Minutes Offensive
   Center                   Left Wing                Right Wing               Defense                  Defense                  
   Evgeni Malkin            Claude Giroux            Elias Lindholm           Jaccob Slavin            Neal Pionk               

Last Minutes Defensive
   Center                   Left Wing                Right Wing               Defense                  Defense                  
   Evgeni Malkin            Oliver Bjorkstrand       Connor Brown             Chris Tanev              Jaccob Slavin            

Goaltenders
Starting : Jacob Markstrom          
Backup : Petr Mrazek              

Extra Forwards
Normal : Connor Brown, Elias Lindholm, Charlie Coyle - PP : Oliver Bjorkstrand, Anthony Beauvillier - PK : Charlie Coyle
Extra Defensemen
Normal : Chris Tanev, Neal Pionk, Hampus Lindholm - PP : Chris Tanev - PK : Chris Tanev, Adam Pelech
Penalty Shots
Evgeni Malkin, Brayden Point, Elias Lindholm, Claude Giroux, Oliver Bjorkstrand
Custom OT Lines Forwards
Brayden Point, Claude Giroux, Evgeni Malkin, Oliver Bjorkstrand, Elias Lindholm, Connor Brown, Nick Bonino, Craig Smith, Charlie Coyle, Anthony Beauvillier
Custom OT Lines Defensemen
Jaccob Slavin, Neal Pionk, Chris Tanev, Adam Pelech, Marco Scandella

Scratches
Matt Irwin (Healthy)

SEATTLE GRUNGE

5 vs 5 Forward 
   Center                   Left Wing                Right Wing               Time % Phy DF OF 
 1 Tyler Seguin             Jake Guentzel            Mike Hoffman             37     1   2  2  
 2 Chris Tierney            Josh Bailey              Carl Hagelin             37     1   2  2  
 3 Brian Boyle              Wayne Simmonds           Vladislav Namestnikov    21     1   2  2  
 4 Jason Spezza             Trevor Lewis             Marcus Sorensen          5      0   3  2  

5 vs 5 Defense 
   Defense                  Defense                                           Time % Phy DF OF 
 1 Roman Josi               David Savard                                      40     1   2  2  
 2 Damon Severson           Travis Sanheim                                    39     1   2  2  
 3 Matthew Grzelcyk         Slater Koekkoek                                   21     1   2  2  
 4 Roman Josi               Damon Severson                                    0      1   2  2  

PowerPlay Forward 
   Center                   Left Wing                Right Wing               Time % Phy DF OF 
 1 Tyler Seguin             Mike Hoffman             Jake Guentzel            50     1   1  3  
 2 Chris Tierney            Josh Bailey              Carl Hagelin             50     1   1  3  

PowerPlay Defense
   Defense                  Defense                                           Time % Phy DF OF 
 1 Roman Josi               Damon Severson                                    55     0   2  3  
 2 David Savard             Travis Sanheim                                    45     0   2  3  

Penalty Kill 4 Players Forward 
   Center                   Wing                     Time % Phy DF OF 
 1 Brian Boyle              Carl Hagelin             55     1   4  0  
 2 Jason Spezza             Vladislav Namestnikov    45     1   4  0  

Penalty Kill 4 Players Defense
   Defense                  Defense                  Time % Phy DF OF 
 1 Roman Josi               David Savard             55     1   3  1  
 2 Damon Severson           Travis Sanheim           45     1   3  1  

Penalty Kill - 3 Players Forward 
   Forward                                           Time % Phy DF OF 
 1 Chris Tierney                                     55     0   5  0  
 2 Brian Boyle                                       45     0   5  0  

Penalty Kill - 3 Players Defense
   Defense                  Defense                  Time % Phy DF OF 
 1 Roman Josi               Damon Severson           55     1   4  0  
 2 David Savard             Travis Sanheim           45     1   4  0  

4 vs 4 Forward 
   Center                   Wing                     Time % Phy DF OF 
 1 Tyler Seguin             Jake Guentzel            55     1   2  2  
 2 Chris Tierney            Josh Bailey              45     1   2  2  

4 vs 4 Defense
   Defense                  Defense                  Time % Phy DF OF 
 1 Roman Josi               David Savard             55     1   2  2  
 2 Damon Severson           Travis Sanheim           45     1   2  2  

Last Minutes Offensive
   Center                   Left Wing                Right Wing               Defense                  Defense                  
   Tyler Seguin             Jake Guentzel            Mike Hoffman             Roman Josi               Damon Severson           

Last Minutes Defensive
   Center                   Left Wing                Right Wing               Defense                  Defense                  
   Chris Tierney            Carl Hagelin             Jake Guentzel            Roman Josi               Damon Severson           

Goaltenders
Starting : Semyon Varlamov          
Backup : Jimmy Howard             

Extra Forwards
Normal : Tyler Seguin, Jake Guentzel, Mike Hoffman - PP : Tyler Seguin, Jake Guentzel - PK : Carl Hagelin
Extra Defensemen
Normal : Matthew Grzelcyk, Slater Koekkoek, Damon Severson - PP : Matthew Grzelcyk - PK : Slater Koekkoek, Damon Severson
Penalty Shots
Jake Guentzel, Mike Hoffman, Josh Bailey, Chris Tierney, Tyler Seguin
Custom OT Lines Forwards
Mike Hoffman, Jake Guentzel, Josh Bailey, Tyler Seguin, Vladislav Namestnikov, Chris Tierney, Brian Boyle, Wayne Simmonds, Carl Hagelin, Jason Spezza
Custom OT Lines Defensemen
Roman Josi, David Savard, Damon Severson, Travis Sanheim, Matthew Grzelcyk

Scratches
Justin Schultz (Healthy), Ryan Reaves (Healthy)

% Time on Ice - SAN JOSE BRONCOS

Lines # - Real PCT - Wanted PCT - Time Play
Normal Forward
1 - 34% - 36% - 18:29
2 - 32% - 33% - 17:25
3 - 22% - 25% - 12:06
4 - 11% - 6% - 6:03
Normal Defense
1 - 39% - 40% - 20:54
2 - 34% - 35% - 18:13
3 - 28% - 25% - 14:56
4 - 0% - 0% - 0:00
PP Forward
1 - 65% - 58% - 2:34
2 - 35% - 42% - 1:24
PP Defense
1 - 52% - 58% - 2:03
2 - 48% - 42% - 1:55
PK Forward
1 - 43% - 50% - 0:51
2 - 57% - 50% - 1:08
PK Defense
1 - 57% - 50% - 1:08
2 - 43% - 50% - 0:51
PK3 Forward
1 - 0% - 50%
2 - 0% - 50%
PK3 Defense
1 - 0% - 55%
2 - 0% - 45%
44 Forward
1 - 0% - 50%
2 - 0% - 50%
44 Defense
1 - 0% - 50%
2 - 0% - 50%
Last Minute Offensive  - 0:00
Last Minute Defensive  - 0:00
Total
Forward - 60:00
Defense - 60:00

% Time on Ice - SEATTLE GRUNGE

Lines # - Real PCT - Wanted PCT - Time Play
Normal Forward
1 - 35% - 37% - 19:11
2 - 35% - 37% - 19:01
3 - 21% - 21% - 11:33
4 - 8% - 5% - 4:18
Normal Defense
1 - 38% - 40% - 20:38
2 - 38% - 39% - 20:37
3 - 24% - 21% - 12:48
4 - 0% - 0% - 0:00
PP Forward
1 - 49% - 50% - 0:58
2 - 51% - 50% - 1:01
PP Defense
1 - 51% - 55% - 1:01
2 - 49% - 45% - 0:58
PK Forward
1 - 66% - 55% - 2:37
2 - 34% - 45% - 1:21
PK Defense
1 - 61% - 55% - 2:26
2 - 39% - 45% - 1:32
PK3 Forward
1 - 0% - 55%
2 - 0% - 45%
PK3 Defense
1 - 0% - 55%
2 - 0% - 45%
44 Forward
1 - 0% - 55%
2 - 0% - 45%
44 Defense
1 - 0% - 55%
2 - 0% - 45%
Last Minute Offensive  - 0:00
Last Minute Defensive  - 0:00
Total
Forward - 60:00
Defense - 60:00

Play-by-Play

1st period


0:01 of 1st period - Tyler Seguin wins face-off versus Brayden Point in neutral zone.
0:05 of 1st period - Jake Guentzel is hit by Neal Pionk and loses puck.
0:49 of 1st period - Icing by Jake Guentzel.
0:50 of 1st period - Tyler Seguin wins face-off versus Evgeni Malkin in SEATTLE GRUNGE zone.
1:27 of 1st period - Off-side.
1:28 of 1st period - Nick Bonino wins face-off versus Brian Boyle in neutral zone.
1:33 of 1st period - Shot by Craig Smith.
1:33 of 1st period - Stopped by Semyon Varlamov without a rebound.
1:34 of 1st period - Nick Bonino wins face-off versus Chris Tierney in SEATTLE GRUNGE zone.
1:40 of 1st period - Minor Penalty to Anthony Beauvillier for Hooking.
1:41 of 1st period - Evgeni Malkin wins face-off versus Chris Tierney in SAN JOSE BRONCOS zone.
2:03 of 1st period - Icing by Josh Bailey.
2:04 of 1st period - Evgeni Malkin wins face-off versus Carl Hagelin in SEATTLE GRUNGE zone.
2:13 of 1st period - Chris Tanev is hit by Carl Hagelin and loses puck.
3:53 of 1st period - David Kampf is hit by Slater Koekkoek and loses puck.
4:05 of 1st period - Tyler Motte is hit by Matthew Grzelcyk and loses puck.
4:09 of 1st period - Minor Penalty to Slater Koekkoek for Hooking.
4:10 of 1st period - Brian Boyle wins face-off versus Brayden Point in SEATTLE GRUNGE zone.
4:18 of 1st period - Icing by Connor Brown.
4:19 of 1st period - Brayden Point wins face-off versus Brian Boyle in SAN JOSE BRONCOS zone.
4:46 of 1st period - Shot by Elias Lindholm.
4:46 of 1st period - Shot Misses the Net.
5:01 of 1st period - Off-side.
5:02 of 1st period - Evgeni Malkin wins face-off versus Jason Spezza in neutral zone.
5:05 of 1st period - Shot by Oliver Bjorkstrand.
5:05 of 1st period - Shot Misses the Net.
5:07 of 1st period - Shot by Evgeni Malkin.
5:07 of 1st period - Stopped by Semyon Varlamov without a rebound.
5:08 of 1st period - Jason Spezza wins face-off versus Evgeni Malkin in SEATTLE GRUNGE zone.
5:08 of 1st period - Jason Spezza is hit by Evgeni Malkin.
5:28 of 1st period - Shot by Claude Giroux.
5:28 of 1st period - Stopped by Semyon Varlamov without a rebound.
5:29 of 1st period - Brayden Point wins face-off versus Brian Boyle in SEATTLE GRUNGE zone.
5:47 of 1st period - Shot by Brayden Point.
5:47 of 1st period - Shot Misses the Net.
6:17 of 1st period - Shot by Nick Bonino.
6:17 of 1st period - Stopped by Semyon Varlamov without a rebound.
6:18 of 1st period - Nick Bonino wins face-off versus Tyler Seguin in SEATTLE GRUNGE zone.
6:35 of 1st period - Mike Hoffman is hit by Chris Tanev and loses puck.
6:48 of 1st period - Shot by Tyler Seguin.
6:48 of 1st period - Goal by Tyler Seguin - SAN JOSE BRONCOS : 0 - SEATTLE GRUNGE : 1.
6:49 of 1st period - Chris Tierney wins face-off versus Brayden Point in neutral zone.
6:58 of 1st period - Shot by Jaccob Slavin.
6:58 of 1st period - Stopped by Semyon Varlamov without a rebound.
6:59 of 1st period - Evgeni Malkin wins face-off versus Chris Tierney in SEATTLE GRUNGE zone.
7:03 of 1st period - Shot by Connor Brown.
7:03 of 1st period - Stopped by Semyon Varlamov without a rebound.
7:04 of 1st period - Chris Tierney wins face-off versus Evgeni Malkin in SEATTLE GRUNGE zone.
7:19 of 1st period - Shot by Evgeni Malkin.
7:19 of 1st period - Shot Blocked by Travis Sanheim.
7:21 of 1st period - Shot by Jaccob Slavin.
7:21 of 1st period - Shot Misses the Net.
7:31 of 1st period - Shot by Evgeni Malkin.
7:31 of 1st period - Shot Misses the Net.
7:36 of 1st period - Evgeni Malkin is hit by Damon Severson and loses puck.
7:54 of 1st period - Evgeni Malkin is hit by Travis Sanheim and loses puck.
8:06 of 1st period - Brayden Point is hit by Travis Sanheim and loses puck.
8:37 of 1st period - Shot by Brayden Point.
8:37 of 1st period - Stopped by Semyon Varlamov without a rebound.
8:38 of 1st period - Tyler Seguin wins face-off versus Nick Bonino in SEATTLE GRUNGE zone.
8:38 of 1st period - Tyler Seguin is hit by Anthony Beauvillier.
9:40 of 1st period - Shot by Vladislav Namestnikov.
9:40 of 1st period - Stopped by Jacob Markstrom with a rebound.
10:15 of 1st period - Shot by Elias Lindholm.
10:15 of 1st period - Stopped by Semyon Varlamov without a rebound.
10:16 of 1st period - Jason Spezza wins face-off versus Evgeni Malkin in SEATTLE GRUNGE zone.
11:38 of 1st period - Shot by Brayden Point.
11:38 of 1st period - Shot Misses the Net.
11:40 of 1st period - Shot by Neal Pionk.
11:40 of 1st period - Shot Misses the Net.
11:48 of 1st period - Shot by Oliver Bjorkstrand.
11:48 of 1st period - Stopped by Semyon Varlamov without a rebound.
11:49 of 1st period - Chris Tierney wins face-off versus Charlie Coyle in SEATTLE GRUNGE zone.
11:56 of 1st period - Shot by Chris Tierney.
11:56 of 1st period - Stopped by Jacob Markstrom without a rebound.
11:57 of 1st period - Chris Tierney wins face-off versus Nick Bonino in SAN JOSE BRONCOS zone.
12:29 of 1st period - Shot by Nick Bonino.
12:29 of 1st period - Shot Misses the Net.
12:31 of 1st period - Shot by Nick Bonino.
12:31 of 1st period - Stopped by Semyon Varlamov without a rebound.
12:32 of 1st period - Brian Boyle wins face-off versus Elias Lindholm in SEATTLE GRUNGE zone.
13:17 of 1st period - Shot by Brayden Point.
13:17 of 1st period - Deflect By Elias Lindholm.
13:17 of 1st period - Shot Misses the Net.
14:31 of 1st period - Shot by Craig Smith.
14:31 of 1st period - Stopped by Semyon Varlamov without a rebound.
14:32 of 1st period - Charlie Coyle wins face-off versus Chris Tierney in SEATTLE GRUNGE zone.
15:29 of 1st period - Shot by Jake Guentzel.
15:29 of 1st period - Deflect By Mike Hoffman.
15:29 of 1st period - Shot Misses the Net.
15:31 of 1st period - Shot by Mike Hoffman.
15:31 of 1st period - Shot Misses the Net.
16:01 of 1st period - Shot by Jake Guentzel.
16:01 of 1st period - Goal by Jake Guentzel - SAN JOSE BRONCOS : 0 - SEATTLE GRUNGE : 2.
16:02 of 1st period - Evgeni Malkin wins face-off versus Trevor Lewis in neutral zone.
17:03 of 1st period - Shot by Brayden Point.
17:03 of 1st period - Shot Misses the Net.
17:16 of 1st period - Shot by Elias Lindholm.
17:16 of 1st period - Stopped by Semyon Varlamov without a rebound.
17:17 of 1st period - Chris Tierney wins face-off versus Craig Smith in SEATTLE GRUNGE zone.
17:40 of 1st period - Shot by Josh Bailey.
17:40 of 1st period - Deflect By Chris Tierney.
17:40 of 1st period - Shot Blocked by Neal Pionk.
17:46 of 1st period - Shot by Chris Tierney.
17:46 of 1st period - Shot Blocked by Jaccob Slavin.
17:48 of 1st period - Shot by Chris Tierney.
17:48 of 1st period - Deflect By Josh Bailey.
17:48 of 1st period - Shot Misses the Net.
17:50 of 1st period - Shot by Slater Koekkoek.
17:50 of 1st period - Stopped by Jacob Markstrom with a rebound.
17:52 of 1st period - Shot by Slater Koekkoek.
17:52 of 1st period - Shot Misses the Net.
17:54 of 1st period - Shot by Chris Tierney.
17:54 of 1st period - Stopped by Jacob Markstrom without a rebound.
17:55 of 1st period - Brayden Point wins face-off versus Tyler Seguin in SAN JOSE BRONCOS zone.
17:55 of 1st period - Brayden Point is hit by Jake Guentzel.
18:02 of 1st period - Elias Lindholm is hit by Jake Guentzel and loses puck.
18:41 of 1st period - Shot by Jake Guentzel.
18:41 of 1st period - Stopped by Jacob Markstrom without a rebound.
18:42 of 1st period - Evgeni Malkin wins face-off versus Chris Tierney in SAN JOSE BRONCOS zone.
18:53 of 1st period - Shot by Evgeni Malkin.
18:53 of 1st period - Stopped by Semyon Varlamov without a rebound.
18:54 of 1st period - Nick Bonino wins face-off versus Brian Boyle in SEATTLE GRUNGE zone.
18:54 of 1st period - Neal Pionk is hit by Travis Sanheim and loses puck.
19:00 of 1st period - Nick Bonino is hit by Travis Sanheim and loses puck.
19:25 of 1st period - Shot by Nick Bonino.
19:25 of 1st period - Shot Misses the Net.
19:27 of 1st period - Shot by Anthony Beauvillier.
19:27 of 1st period - Stopped by Semyon Varlamov with a rebound.
19:28 of 1st period - Minor Penalty to Travis Sanheim for Hooking.
19:29 of 1st period - Brayden Point wins face-off versus Brian Boyle in SEATTLE GRUNGE zone.
19:43 of 1st period - Icing by Chris Tanev.
19:44 of 1st period - Brian Boyle wins face-off versus Brayden Point in SAN JOSE BRONCOS zone.
Goals for this period are 0 for SAN JOSE BRONCOS vs 2 for SEATTLE GRUNGE.
Shots for this period are 14 for SAN JOSE BRONCOS vs 7 for SEATTLE GRUNGE.

2nd period


0:01 of 2nd period - Brian Boyle wins face-off versus Brayden Point in neutral zone.
0:30 of 2nd period - Off-side.
0:31 of 2nd period - Brian Boyle wins face-off versus Evgeni Malkin in neutral zone.
1:03 of 2nd period - Evgeni Malkin is hit by Jason Spezza and loses puck.
1:39 of 2nd period - Tyler Seguin is hit by Jaccob Slavin and loses puck.
3:41 of 2nd period - Shot by Vladislav Namestnikov.
3:41 of 2nd period - Stopped by Jacob Markstrom with a rebound.
3:48 of 2nd period - Wayne Simmonds is hit by Adam Pelech and loses puck.
3:52 of 2nd period - Vladislav Namestnikov is hit by Chris Tanev and loses puck.
4:15 of 2nd period - Shot by Damon Severson.
4:15 of 2nd period - Stopped by Jacob Markstrom with a rebound.
4:17 of 2nd period - Shot by Travis Sanheim.
4:17 of 2nd period - Shot Blocked by Adam Pelech.
4:30 of 2nd period - Jason Spezza is hit by Adam Pelech.
4:44 of 2nd period - Roman Josi is hit by Evgeni Malkin.
5:53 of 2nd period - Shot by Josh Bailey.
5:53 of 2nd period - Stopped by Jacob Markstrom without a rebound.
5:54 of 2nd period - Nick Bonino wins face-off versus Brian Boyle in SAN JOSE BRONCOS zone.
5:54 of 2nd period - Nick Bonino is hit by Wayne Simmonds.
6:15 of 2nd period - Shot by Anthony Beauvillier.
6:15 of 2nd period - Stopped by Semyon Varlamov without a rebound.
6:16 of 2nd period - Charlie Coyle wins face-off versus Chris Tierney in SEATTLE GRUNGE zone.
7:05 of 2nd period - Hampus Lindholm is hit by Carl Hagelin and loses puck.
7:18 of 2nd period - Shot by Elias Lindholm.
7:18 of 2nd period - Shot Blocked by Travis Sanheim.
7:20 of 2nd period - Shot by Marco Scandella.
7:20 of 2nd period - Shot Misses the Net.
7:22 of 2nd period - Shot by Brayden Point.
7:22 of 2nd period - Goal by Brayden Point - SAN JOSE BRONCOS : 1 - SEATTLE GRUNGE : 2.
7:23 of 2nd period - Evgeni Malkin wins face-off versus Brian Boyle in neutral zone.
7:32 of 2nd period - Shot by Evgeni Malkin.
7:32 of 2nd period - Stopped by Semyon Varlamov without a rebound.
7:33 of 2nd period - Tyler Seguin wins face-off versus Brayden Point in SEATTLE GRUNGE zone.
7:57 of 2nd period - Elias Lindholm is hit by Jake Guentzel and loses puck.
9:16 of 2nd period - Vladislav Namestnikov is hit by Claude Giroux and loses puck.
9:36 of 2nd period - Icing by Connor Brown.
9:37 of 2nd period - Chris Tierney wins face-off versus Evgeni Malkin in SAN JOSE BRONCOS zone.
9:59 of 2nd period - Icing by Roman Josi.
10:00 of 2nd period - Nick Bonino wins face-off versus Josh Bailey in SEATTLE GRUNGE zone.
10:04 of 2nd period - Icing by Roman Josi.
10:05 of 2nd period - Brayden Point wins face-off versus Chris Tierney in SEATTLE GRUNGE zone.
11:02 of 2nd period - Jaccob Slavin is hit by Chris Tierney.
11:30 of 2nd period - Shot by Nick Bonino.
11:30 of 2nd period - Deflect By Anthony Beauvillier.
11:30 of 2nd period - Stopped by Semyon Varlamov without a rebound.
11:31 of 2nd period - Brian Boyle wins face-off versus Evgeni Malkin in SEATTLE GRUNGE zone.
11:36 of 2nd period - Shot by Brian Boyle.
11:36 of 2nd period - Stopped by Jacob Markstrom without a rebound.
11:37 of 2nd period - Tyler Seguin wins face-off versus Evgeni Malkin in SAN JOSE BRONCOS zone.
11:48 of 2nd period - Off-side.
11:49 of 2nd period - Brian Boyle wins face-off versus Nick Bonino in neutral zone.
12:02 of 2nd period - Icing by Matthew Grzelcyk.
12:03 of 2nd period - Evgeni Malkin wins face-off versus Brian Boyle in SEATTLE GRUNGE zone.
12:04 of 2nd period - Shot by Claude Giroux.
12:04 of 2nd period - Goal by Claude Giroux - SAN JOSE BRONCOS : 2 - SEATTLE GRUNGE : 2.
12:05 of 2nd period - Tyler Seguin wins face-off versus Brayden Point in neutral zone.
12:44 of 2nd period - Shot by Elias Lindholm.
12:44 of 2nd period - Deflect By Brayden Point.
12:44 of 2nd period - Stopped by Semyon Varlamov without a rebound.
12:45 of 2nd period - Evgeni Malkin wins face-off versus Chris Tierney in SEATTLE GRUNGE zone.
12:51 of 2nd period - Connor Brown is hit by Travis Sanheim and loses puck.
13:06 of 2nd period - Shot by Claude Giroux.
13:06 of 2nd period - Shot Misses the Net.
13:13 of 2nd period - Off-side.
13:14 of 2nd period - Nick Bonino wins face-off versus Brian Boyle in neutral zone.
13:36 of 2nd period - Icing by Marco Scandella.
13:37 of 2nd period - Nick Bonino wins face-off versus Tyler Seguin in SAN JOSE BRONCOS zone.
14:07 of 2nd period - Shot by Jake Guentzel.
14:07 of 2nd period - Stopped by Jacob Markstrom without a rebound.
14:08 of 2nd period - Chris Tierney wins face-off versus Brayden Point in SAN JOSE BRONCOS zone.
14:25 of 2nd period - Damon Severson is hit by Brayden Point and loses puck.
14:38 of 2nd period - Shot by Carl Hagelin.
14:38 of 2nd period - Shot Misses the Net.
15:23 of 2nd period - Shot by Jake Guentzel.
15:23 of 2nd period - Shot Misses the Net.
15:55 of 2nd period - Shot by Wayne Simmonds.
15:55 of 2nd period - Stopped by Jacob Markstrom with a rebound.
16:03 of 2nd period - Connor Brown is hit by Brian Boyle and loses puck.
16:40 of 2nd period - Shot by Trevor Lewis.
16:40 of 2nd period - Stopped by Jacob Markstrom without a rebound.
16:41 of 2nd period - Chris Tierney wins face-off versus Charlie Coyle in SAN JOSE BRONCOS zone.
16:47 of 2nd period - Travis Sanheim is hit by Neal Pionk and loses puck.
16:51 of 2nd period - Icing by Jaccob Slavin.
16:52 of 2nd period - Tyler Seguin wins face-off versus Charlie Coyle in SAN JOSE BRONCOS zone.
16:55 of 2nd period - Shot by Jake Guentzel.
16:55 of 2nd period - Shot Misses the Net.
17:21 of 2nd period - Neal Pionk is hit by Tyler Seguin and loses puck.
17:28 of 2nd period - Jake Guentzel is hit by Tyler Motte.
17:45 of 2nd period - Shot by Elias Lindholm.
17:45 of 2nd period - Stopped by Semyon Varlamov without a rebound.
17:46 of 2nd period - Chris Tierney wins face-off versus Elias Lindholm in SEATTLE GRUNGE zone.
18:07 of 2nd period - Shot by Brayden Point.
18:07 of 2nd period - Shot Blocked by Carl Hagelin.
18:09 of 2nd period - Shot by Adam Pelech.
18:09 of 2nd period - Shot Misses the Net.
19:10 of 2nd period - Shot by Vladislav Namestnikov.
19:10 of 2nd period - Shot Misses the Net.
19:12 of 2nd period - Shot by Brian Boyle.
19:12 of 2nd period - Shot Misses the Net.
19:14 of 2nd period - Shot by Vladislav Namestnikov.
19:14 of 2nd period - Deflect By Brian Boyle.
19:14 of 2nd period - Stopped by Jacob Markstrom without a rebound.
19:15 of 2nd period - Nick Bonino wins face-off versus Tyler Seguin in SAN JOSE BRONCOS zone.
19:51 of 2nd period - Shot by Tyler Seguin.
19:51 of 2nd period - Stopped by Jacob Markstrom without a rebound.
19:52 of 2nd period - Evgeni Malkin wins face-off versus Chris Tierney in SAN JOSE BRONCOS zone.
Goals for this period are 2 for SAN JOSE BRONCOS vs 0 for SEATTLE GRUNGE.
Shots for this period are 7 for SAN JOSE BRONCOS vs 9 for SEATTLE GRUNGE.

3rd period


0:01 of 3rd period - Chris Tierney wins face-off versus Evgeni Malkin in neutral zone.
1:25 of 3rd period - Icing by Adam Pelech.
1:26 of 3rd period - Tyler Seguin wins face-off versus Brayden Point in SAN JOSE BRONCOS zone.
1:51 of 3rd period - Icing by Chris Tanev.
1:52 of 3rd period - Brian Boyle wins face-off versus Brayden Point in SAN JOSE BRONCOS zone.
2:25 of 3rd period - Shot by Matthew Grzelcyk.
2:25 of 3rd period - Stopped by Jacob Markstrom without a rebound.
2:26 of 3rd period - Evgeni Malkin wins face-off versus Tyler Seguin in SAN JOSE BRONCOS zone.
2:33 of 3rd period - Shot by Evgeni Malkin.
2:33 of 3rd period - Stopped by Semyon Varlamov with a rebound.
2:49 of 3rd period - Shot by Jake Guentzel.
2:49 of 3rd period - Shot Blocked by Connor Brown.
2:51 of 3rd period - Shot by Mike Hoffman.
2:51 of 3rd period - Stopped by Jacob Markstrom without a rebound.
2:52 of 3rd period - Jason Spezza wins face-off versus Nick Bonino in SAN JOSE BRONCOS zone.
2:52 of 3rd period - Jason Spezza is hit by Marco Scandella.
3:10 of 3rd period - Shot by Jason Spezza.
3:10 of 3rd period - Shot Misses the Net.
3:17 of 3rd period - Off-side.
3:18 of 3rd period - Evgeni Malkin wins face-off versus Chris Tierney in neutral zone.
3:28 of 3rd period - Icing by Roman Josi.
3:29 of 3rd period - Carl Hagelin wins face-off versus Brayden Point in SEATTLE GRUNGE zone.
3:36 of 3rd period - Shot by Carl Hagelin.
3:36 of 3rd period - Shot Misses the Net.
4:00 of 3rd period - Brayden Point is hit by David Savard and loses puck.
4:03 of 3rd period - Shot by Oliver Bjorkstrand.
4:03 of 3rd period - Shot Misses the Net.
4:05 of 3rd period - Shot by Brayden Point.
4:05 of 3rd period - Stopped by Semyon Varlamov without a rebound.
4:06 of 3rd period - Evgeni Malkin wins face-off versus Tyler Seguin in SEATTLE GRUNGE zone.
4:13 of 3rd period - Shot by Claude Giroux.
4:13 of 3rd period - Shot Misses the Net.
4:15 of 3rd period - Shot by Claude Giroux.
4:15 of 3rd period - Stopped by Semyon Varlamov with a rebound.
4:39 of 3rd period - Shot by Connor Brown.
4:39 of 3rd period - Shot Blocked by Jake Guentzel.
5:23 of 3rd period - Icing by Damon Severson.
5:24 of 3rd period - Tyler Seguin wins face-off versus Brayden Point in SEATTLE GRUNGE zone.
5:41 of 3rd period - Shot by Brayden Point.
5:41 of 3rd period - Stopped by Semyon Varlamov without a rebound.
5:42 of 3rd period - Josh Bailey wins face-off versus Nick Bonino in SEATTLE GRUNGE zone.
6:27 of 3rd period - Icing by Roman Josi.
6:28 of 3rd period - Evgeni Malkin wins face-off versus Chris Tierney in SEATTLE GRUNGE zone.
7:36 of 3rd period - Shot by Oliver Bjorkstrand.
7:36 of 3rd period - Deflect By Elias Lindholm.
7:36 of 3rd period - Shot Hit the Post.
7:47 of 3rd period - Shot by Elias Lindholm.
7:47 of 3rd period - Stopped by Semyon Varlamov without a rebound.
7:48 of 3rd period - Brian Boyle wins face-off versus Nick Bonino in SEATTLE GRUNGE zone.
7:48 of 3rd period - Brian Boyle is hit by Craig Smith.
8:10 of 3rd period - Shot by Vladislav Namestnikov.
8:10 of 3rd period - Shot Misses the Net.
8:26 of 3rd period - Off-side.
8:27 of 3rd period - Jake Guentzel wins face-off versus Evgeni Malkin in neutral zone.
8:42 of 3rd period - Shot by Jake Guentzel.
8:42 of 3rd period - Stopped by Jacob Markstrom without a rebound.
8:43 of 3rd period - Brayden Point wins face-off versus Marcus Sorensen in SAN JOSE BRONCOS zone.
8:43 of 3rd period - Brayden Point is hit by Trevor Lewis.
8:49 of 3rd period - Jason Spezza is hit by Oliver Bjorkstrand and loses puck.
10:42 of 3rd period - Icing by Jaccob Slavin.
10:43 of 3rd period - Evgeni Malkin wins face-off versus Chris Tierney in SAN JOSE BRONCOS zone.
11:15 of 3rd period - Roman Josi is hit by Craig Smith and loses puck.
11:28 of 3rd period - Shot by Chris Tierney.
11:28 of 3rd period - Deflect By Josh Bailey.
11:28 of 3rd period - Stopped by Jacob Markstrom without a rebound.
11:29 of 3rd period - Brayden Point wins face-off versus Brian Boyle in SAN JOSE BRONCOS zone.
11:29 of 3rd period - Brayden Point is hit by Wayne Simmonds.
11:43 of 3rd period - Shot by Brayden Point.
11:43 of 3rd period - Stopped by Semyon Varlamov with a rebound.
11:45 of 3rd period - Shot by Brayden Point.
11:45 of 3rd period - Shot Misses the Net.
11:55 of 3rd period - Shot by Brayden Point.
11:55 of 3rd period - Stopped by Semyon Varlamov with a rebound.
11:57 of 3rd period - Shot by Hampus Lindholm.
11:57 of 3rd period - Shot Misses the Net.
12:11 of 3rd period - Shot by Elias Lindholm.
12:11 of 3rd period - Shot Blocked by Matthew Grzelcyk.
13:10 of 3rd period - Josh Bailey is hit by Adam Pelech and loses puck.
13:17 of 3rd period - Carl Hagelin is hit by Adam Pelech and loses puck.
13:31 of 3rd period - Chris Tierney is hit by Adam Pelech and loses puck.
14:08 of 3rd period - Icing by Damon Severson.
14:09 of 3rd period - Evgeni Malkin wins face-off versus Tyler Seguin in SEATTLE GRUNGE zone.
14:26 of 3rd period - Shot by Evgeni Malkin.
14:26 of 3rd period - Shot Blocked by Tyler Seguin.
14:39 of 3rd period - Icing by Damon Severson.
14:40 of 3rd period - Tyler Seguin wins face-off versus Brayden Point in SEATTLE GRUNGE zone.
14:40 of 3rd period - Tyler Seguin is hit by Oliver Bjorkstrand.
15:08 of 3rd period - Shot by Elias Lindholm.
15:08 of 3rd period - Stopped by Semyon Varlamov with a rebound.
15:10 of 3rd period - Shot by Elias Lindholm.
15:10 of 3rd period - Stopped by Semyon Varlamov without a rebound.
15:11 of 3rd period - Chris Tierney wins face-off versus Evgeni Malkin in SEATTLE GRUNGE zone.
16:12 of 3rd period - Icing by David Savard.
16:13 of 3rd period - Nick Bonino wins face-off versus Chris Tierney in SEATTLE GRUNGE zone.
16:37 of 3rd period - Icing by Damon Severson.
16:38 of 3rd period - Brayden Point wins face-off versus Tyler Seguin in SEATTLE GRUNGE zone.
17:42 of 3rd period - Wayne Simmonds is hit by Neal Pionk and loses puck.
17:45 of 3rd period - Shot by Matthew Grzelcyk.
17:45 of 3rd period - Stopped by Jacob Markstrom without a rebound.
17:46 of 3rd period - Evgeni Malkin wins face-off versus Jason Spezza in SAN JOSE BRONCOS zone.
18:12 of 3rd period - Shot by Claude Giroux.
18:12 of 3rd period - Stopped by Semyon Varlamov without a rebound.
18:13 of 3rd period - Nick Bonino wins face-off versus Chris Tierney in SEATTLE GRUNGE zone.
18:13 of 3rd period - Nick Bonino is hit by Slater Koekkoek.
18:44 of 3rd period - Craig Smith is hit by Slater Koekkoek and loses puck.
18:49 of 3rd period - Shot by Craig Smith.
18:49 of 3rd period - Stopped by Semyon Varlamov without a rebound.
18:50 of 3rd period - Tyler Seguin wins face-off versus Evgeni Malkin in SEATTLE GRUNGE zone.
19:29 of 3rd period - Shot by Evgeni Malkin.
19:29 of 3rd period - Shot Blocked by Travis Sanheim.
19:31 of 3rd period - Shot by Connor Brown.
19:31 of 3rd period - Shot Misses the Net.
19:33 of 3rd period - Shot by Jaccob Slavin.
19:33 of 3rd period - Stopped by Semyon Varlamov without a rebound.
19:34 of 3rd period - Brayden Point wins face-off versus Chris Tierney in SEATTLE GRUNGE zone.
19:48 of 3rd period - Shot by Oliver Bjorkstrand.
19:48 of 3rd period - Stopped by Semyon Varlamov with a rebound.
19:50 of 3rd period - Shot by Brayden Point.
19:50 of 3rd period - Shot Misses the Net.
19:52 of 3rd period - Shot by Adam Pelech.
19:52 of 3rd period - Shot Hit the Post.
19:54 of 3rd period - Shot by Elias Lindholm.
19:54 of 3rd period - Shot Misses the Net.
Goals for this period are 0 for SAN JOSE BRONCOS vs 0 for SEATTLE GRUNGE.
Shots for this period are 13 for SAN JOSE BRONCOS vs 5 for SEATTLE GRUNGE.

Overtime #1


0:01 of 1st overtime period - Jake Guentzel wins face-off versus Claude Giroux in neutral zone.
0:12 of 1st overtime period - Shot by Jake Guentzel.
0:12 of 1st overtime period - Shot Misses the Net.
0:34 of 1st overtime period - Shot by Mike Hoffman.
0:34 of 1st overtime period - Shot Blocked by Jaccob Slavin.
0:44 of 1st overtime period - Shot by Mike Hoffman.
0:44 of 1st overtime period - Stopped by Jacob Markstrom with a rebound.
0:46 of 1st overtime period - Shot by Jake Guentzel.
0:46 of 1st overtime period - Shot Blocked by Claude Giroux.
0:48 of 1st overtime period - Shot by Jake Guentzel.
0:48 of 1st overtime period - Shot Blocked by Jaccob Slavin.
0:55 of 1st overtime period - Icing by Jaccob Slavin.
0:56 of 1st overtime period - Claude Giroux wins face-off versus Tyler Seguin in SAN JOSE BRONCOS zone.
1:36 of 1st overtime period - Shot by Oliver Bjorkstrand.
1:36 of 1st overtime period - Deflect By Evgeni Malkin.
1:36 of 1st overtime period - Shot Misses the Net.
1:38 of 1st overtime period - Shot by Oliver Bjorkstrand.
1:38 of 1st overtime period - Goal by Oliver Bjorkstrand - SAN JOSE BRONCOS : 3 - SEATTLE GRUNGE : 2.
Goals for this period are 1 for SAN JOSE BRONCOS vs 0 for SEATTLE GRUNGE.
Shots for this period are 1 for SAN JOSE BRONCOS vs 1 for SEATTLE GRUNGE.


DARCY
KUEMPER
JAKE
OETTINGER
NINO
NIEDERREITER

EAST COAST

HOCKEY LEAGUE

  • 1.CHI2QUE4
  • 2.LIM2CHA3
  • 3.LON3TRV5
  • 4.BAL5CHW6
  • 5.MANPIT
  • 6.NHWATL
  • 7.PETWOR
  • 8.RHI